 Dungeon Crawl Stone Soup version 0.29-a0-559-g359e09b9d1 (webtiles) character file.

Game seed: 17794999181518318369

172 DocClef the Covert (level 5, 0/47 HPs)
             Began as a Gnoll Delver on June 9, 2022.
             Slain by a gnoll
             ... wielding a +0 club
              (5 damage)
             ... on level 4 of the Dungeon.
             The game lasted 00:01:02 (611 turns).

DocClef the Covert (Gnoll Delver)                    Turns: 611, Time: 00:01:03

Health: 0/47       AC:  3    Str: 12    XL:     5   Next: 52%
Magic:  7/7        EV: 13    Int:  9    God:
Gold:   38         SH:  0    Dex: 15    Spells: 7/7 levels left

rFire   . . .      SeeInvis .   a - +0 short sword
rCold   . . .      Faith    .   (no shield)
rNeg    . . .      Spirit   .   b - +0 leather armour
rPois   .          Reflect  .   (no helmet)
rElec   .          Harm     .   (no cloak)
rCorr   .          Rampage  .   (no gloves)
Will    .....                   (no boots)
Stlth   ++++......              k - amulet of regeneration
HPRegen 0.95/turn               (no ring)
MPRegen 0.10/turn               (no ring)

@: no status effects
A: fangs 1, strong nose, distributed training
a: no special abilities


You were on level 4 of the Dungeon.
You visited 1 branch of the dungeon, and saw 2 of its levels.

You collected 38 gold pieces.

Inventory:

Hand Weapons
 a - a +0 short sword (weapon)
Armour
 b - a +0 leather armour (worn)
Jewellery
 k - an amulet of regeneration (around neck)
 l - a ring of resist corrosion
Wands
 g - a wand of digging (3)
 h - a wand of acid (10)
Scrolls
 c - a scroll of fog
 d - a scroll of magic mapping
 e - a scroll of fear
 i - a scroll of teleportation
Potions
 f - a potion of haste
 j - a potion of berserk rage {unknown}


   Skills:
 + Level 6.7 Fighting
 + Level 4.8 Short Blades
 + Level 1.5 Long Blades
 + Level 1.5 Axes
 + Level 1.5 Maces & Flails
 + Level 1.5 Polearms
 + Level 1.5 Staves
 + Level 1.5 Slings
 + Level 1.5 Bows
 + Level 1.5 Crossbows
 + Level 1.5 Throwing
 + Level 1.5 Armour
 + Level 4.8 Dodging
 + Level 9.7 Stealth
 + Level 1.5 Shields
 + Level 1.5 Unarmed Combat
 + Level 1.5 Spellcasting
 + Level 1.2 Conjurations
 + Level 1.2 Hexes
 + Level 1.2 Summonings
 + Level 1.2 Necromancy
 + Level 1.2 Translocations
 + Level 1.2 Transmutations
 + Level 1.2 Fire Magic
 + Level 1.2 Ice Magic
 + Level 1.2 Air Magic
 + Level 1.2 Earth Magic
 + Level 1.2 Poison Magic
 + Level 1.7 Invocations
 + Level 1.5 Evocations


You had 7 spell levels left.
You didn't know any spells.
Your spell library contained the following spells:

 Spells                   Type           Power      Damage    Failure   Level
 Alistair's Intoxication  Tmut/Pois      1%         N/A       100%        5
 Borgnjor's Vile Clutch   Necr/Erth      1%         N/A       100%        5
 Eringya's Noxious Bog    Tmut/Pois      1%         N/A       100%        6


Dungeon Overview and Level Annotations

Branches:
Dungeon (5/15)
 Temple: D:4-7

Altars:

Shops:
D:5 ?


Innate Abilities, Weirdness & Mutations

You have very sharp teeth.
Your uncanny sense of smell can sniff out nearby items.
Your experience applies equally to all skills.


Message History

* * * LOW HITPOINT WARNING * * *
The adder barely misses you.
You barely miss the quokka. The quokka closely misses you.
The gnoll hits you from afar with a +0 spear.
* * * LOW HITPOINT WARNING * * *
The gnoll hits you with a +0 club.
* * * LOW HITPOINT WARNING * * *
The adder closely misses you.
You barely miss the quokka. The quokka bites you.
* * * LOW HITPOINT WARNING * * *
The gnoll hits you with a +0 club.
* * * LOW HITPOINT WARNING * * *
The gnoll misses you. The adder bites you.
* * * LOW HITPOINT WARNING * * *
You hit the quokka.
The quokka is severely wounded.
The quokka closely misses you. The adder bites you.
* * * LOW HITPOINT WARNING * * *
The gnoll closely misses you. x2
You closely miss the quokka.
The quokka is severely wounded.
The quokka barely misses you. The adder barely misses you.
The gnoll barely misses you. The gnoll hits you with a +0 club.
* * * LOW HITPOINT WARNING * * *
You hit the quokka.
You kill the quokka!
The adder bites you but does no damage.
Unknown command.
The adder attacks as you move away! The adder bites you but does no damage.
Things that are here:
a +0 spear; a gnoll corpse The gnoll attacks as you move away!
The gnoll misses you. The gnoll attacks as you move away!
The gnoll hits you with a +0 club.
* * * LOW HITPOINT WARNING * * *
You see here a scroll of teleportation.
i - a scroll of teleportation You feel your willpower return.
The gnoll closely misses you. The gnoll attacks as you move away!
The gnoll hits you with a +0 club.
You die...

###########
#.........#
#.........#
####.........#
#.Sg.........#
#.S##g........#
#..#
#.g@.......
#..#
####.#####. #.#
.# ... ## ...
.. ∆


You could see 3 gnolls and an adder.

Vanquished Creatures
  A sky beast (D:5)
  A hound (D:5)
  An iguana (D:5)
  A gnoll (D:4)
  An adder (D:5)
  2 quokkas
7 creatures vanquished.

Notes
Turn   | Place    | Note
-------+----------+-------------------------------------------
     0 | D:5      | Reached skill level 9 in Stealth
     0 | D:5      | DocClef the Gnoll Delver began the quest for the Orb.
     0 | D:5      | Reached XP level 1. HP: 23/23 MP: 1/1
    15 | D:5      | Noticed an iguana
    22 | D:5      | Killed an iguana
    23 | D:5      | Reached XP level 2. HP: 29/29 MP: 2/2
    23 | D:5      | Reached XP level 3. HP: 35/35 MP: 3/3
    91 | D:5      | Identified the +1 robe "Nuhaxae Hihu" {rC++ rCorr Str-3
                  | Dex+3}
   143 | D:5      | Reached skill level 1 in Long Blades
   143 | D:5      | Reached skill level 1 in Axes
   143 | D:5      | Reached skill level 1 in Maces & Flails
   143 | D:5      | Reached skill level 1 in Polearms
   143 | D:5      | Reached skill level 1 in Staves
   143 | D:5      | Reached skill level 1 in Slings
   143 | D:5      | Reached skill level 1 in Bows
   143 | D:5      | Reached skill level 1 in Crossbows
   143 | D:5      | Reached skill level 1 in Throwing
   143 | D:5      | Reached skill level 1 in Armour
   143 | D:5      | Reached skill level 1 in Shields
   143 | D:5      | Reached skill level 1 in Unarmed Combat
   143 | D:5      | Reached skill level 1 in Spellcasting
   143 | D:5      | Reached skill level 1 in Invocations
   143 | D:5      | Reached skill level 1 in Evocations
   170 | D:5      | Noticed a sky beast
   184 | D:5      | Killed a sky beast
   185 | D:5      | Reached skill level 1 in Conjurations
   185 | D:5      | Reached skill level 1 in Hexes
   185 | D:5      | Reached skill level 1 in Summonings
   185 | D:5      | Reached skill level 1 in Necromancy
   185 | D:5      | Reached skill level 1 in Translocations
   185 | D:5      | Reached skill level 1 in Transmutations
   185 | D:5      | Reached skill level 1 in Fire Magic
   185 | D:5      | Reached skill level 1 in Ice Magic
   185 | D:5      | Reached skill level 1 in Air Magic
   185 | D:5      | Reached skill level 1 in Earth Magic
   185 | D:5      | Reached skill level 1 in Poison Magic
   185 | D:5      | Reached XP level 4. HP: 41/41 MP: 4/6
   185 | D:5      | Reached XP level 5. HP: 47/47 MP: 4/7
   266 | D:5      | Found Peeli's Magic Scroll Shop.
   556 | D:5      | Noticed an ogre
   604 | D:4      | HP: 2/47 [gnoll/+0 club (1)]
   611 | D:4      | Slain by a gnoll

Illustrated notes

Levels and vault maps discovered:
D:4:      layout_rooms, serial_shops, kennysheep_mini, minivault_27
D:5:      layout_basic, serial_shops, nicolae_shop_statue_plus,
          hangedman_decor_clover_reticule, roderic_serpentine_path,
          minmay_joined_circles

Skill      XL: |  1  2  3 |
---------------+----------+-----
Stealth        | |  9.7
Long Blades    | 1 |  1.5
Axes           | 1 |  1.5
Maces & Flails | 1 |  1.5
Polearms       | 1 |  1.5
Staves         | 1 |  1.5
Slings         | 1 |  1.5
Bows           | 1 |  1.5
Crossbows      | 1 |  1.5
Throwing       | 1 |  1.5
Armour         | 1 |  1.5
Shields        | 1 |  1.5
Unarmed Combat | 1 |  1.5
Spellcasting   | 1 |  1.5
Invocations    | 1 |  1.7
Evocations     | 1 |  1.5
Conjurations   | 1 |  1.2
Hexes          | 1 |  1.2
Summonings     | 1 |  1.2
Necromancy     | 1 |  1.2
Translocations | 1 |  1.2
Transmutations | 1 |  1.2
Fire Magic     | 1 |  1.2
Ice Magic      | 1 |  1.2
Air Magic      | 1 |  1.2
Earth Magic    | 1 |  1.2
Poison Magic   | 1 |  1.2
Fighting       | |  6.7
Short Blades   | |  4.8
Dodging        | |  4.8

Action                   |  1- 3 |  4- 6 || total
-------------------------+-------+-------++-------
Melee: Short sword       |     3 |    34 ||    37
       Punch             |       |     2 ||     2
       Bite              |       |     1 ||     1
  Use: Scroll            |       |     3 ||     3
 Stab: Sleeping          |     3 |       ||     3
Armor: Leather armour    |       |    22 ||    22
Dodge: Dodged            |       |    54 ||    54

Table legend: (Time is in decaauts)
 A = Elapsed time spent in this place.
 B = Non-inter-level travel time spent in this place.
 C = Inter-level travel time spent in this place.
 D = Time resting spent in this place.
 E = Time spent auto-exploring this place.
 F = Levels seen in this place.
 G = Mean time per level.
                   A        B        C        D        E       F      G
               +--------+--------+--------+--------+--------+-----+--------+
         Total |    605 |    605 |      0 |      0 |    484 |   2 |  302.5 |
       Dungeon |    605 |    605 |      0 |      0 |    484 |   2 |  302.5 |
               +--------+--------+--------+--------+--------+-----+--------+

Top non-repeatable levels by time:
     D:5: 586 daAuts
     D:4: 19 daAuts
